 Dungeon Crawl Stone Soup version 0.20-a0-513-g02c11fc (webtiles) character file.

252 Amnesiac the Conjurer (level 5, -1/35 HPs)
             Began as a Mummy Wizard on Jan 23, 2017.
             Slain by a phantom (7 damage)
             ... on level 4 of the Dungeon.
             The game lasted 00:11:26 (3966 turns).

Amnesiac the Conjurer (Mummy Wizard)                Turns: 3966, Time: 00:11:27

Health: -1/35      AC:  2    Str: 10    XL:     5   Next: 89%
Magic:  0/11       EV: 12    Int: 19    God:
Gold:   61         SH:  0    Dex: 10    Spells: 1/12 levels left

rFire    x . .     SeeInvis .   j - +0 trident (protect)
rCold    + . .     Gourm    .   a - +0 robe
rNeg     + + +     Faith    .   (no shield)
rPois    ∞         Spirit   .   b - +0 hat
rElec    .         Reflect  .   (no cloak)
rCorr    .         Harm     .   (no gloves)
MR       .....                  (no boots)
Stlth    ++........             (no amulet)
Regen    0.2/turn               (no ring)
                                (no ring)

@: very slightly contaminated
A: no food or potions, fire vulnerability, cold resistance 1, negative energy
resistance 3, torment resistance, unbreathing
a: no special abilities


You were on level 4 of the Dungeon.
You were not hungry.

You visited 1 branch of the dungeon, and saw 5 of its levels.

You collected 61 gold pieces.

Inventory:

Hand Weapons
 d - a +1 quarterstaff of crushing
 h - a +0 hunting sling
 j - a +0 trident of protection (weapon)
Missiles
 i - 52 stones (quivered)
 k - 3 sling bullets
Armour
 a - a +0 robe (worn)
 b - a +0 hat (worn)
Scrolls
 f - a scroll of remove curse
 g - 2 scrolls of identify
 m - a scroll of immolation
Books
 c - a book of Minor Magic

   Spells                             Type                      Level
   a - Magic Dart                     Conjuration                  1
   b - Blink                          Translocation                2
   c - Call Imp                       Summoning                    2
   d - Repel Missiles                 Charms/Air                   2
   e - Slow                           Hexes                        2
   f - Conjure Flame                  Conjuration/Fire             3
   g - Mephitic Cloud                 Conjuration/Poison/Air       3
 l - a book of Changes

   Spells                             Type                      Level
   a - Beastly Appendage              Transmutation                1
   b - Sticks to Snakes               Transmutation                2
   c - Spider Form                    Transmutation/Poison         3
   d - Ice Form                       Ice/Transmutation            4
   e - Blade Hands                    Transmutation                5


   Skills:
 - Level 1.5 Dodging
 - Level 1.5 Stealth
 - Level 4.0 Spellcasting
 + Level 4.9 Conjurations
   Level 0.7 Summonings
 - Level 0.7 Translocations


You had one spell level left.
You knew the following spells:

 Your Spells              Type           Power        Failure   Level  Hunger
a - Repel Missiles        Chrm/Air       #.....       21%         2    N/A
b - Blink                 Tloc           N/A          17%         2    N/A
e - Mephitic Cloud        Conj/Pois/Air  ##......     21%         3    N/A
s - Conjure Flame         Conj/Fire      ##......     17%         3    N/A
z - Magic Dart            Conj           ###.         1%          1    N/A

Dungeon Overview and Level Annotations

Branches:
Dungeon (5/15)
 Temple: D:4-7

Altars:
Hepliaklqana
Nemelex Xobeh
The Shining One

Shops:
D:4 ?

Annotations:
D:3 Leszczynek's ghost, amateur KoWn
D:5 Dowan; Duvessa; Eustachio


Innate Abilities, Weirdness & Mutations

You do not eat or drink.
Your flesh is vulnerable to fire.
You are immune to poison.
Your flesh is cold resistant. (rC+)
You are immune to negative energy. (rN+++)
You are immune to unholy pain and torment.
You can survive without breathing.


Message History

Attack whom?
Press: ? - help, Dir - move target cursor, f/p - phantom
Aim: a phantom (almost destroyed)
You reach to attack!
You barely miss the phantom.
The phantom is almost destroyed.
You closely miss the phantom.
The phantom is almost destroyed.
The phantom closely misses you. The phantom hits you.
* * * LOW HITPOINT WARNING * * *
The phantom blinks!
Casting: Magic Dart
Confirm with . or Enter, or press ? or * to list all spells.
Aiming: Magic Dart
Press: ? - help, Shift-Dir - straight line, f/p - phantom
Aim: a phantom (almost destroyed)
You miscast Magic Dart.
You are very lightly contaminated with residual magic.
Nothing appears to happen.
The phantom blinks!
The phantom hits you!
You die...

#........##...# #.#
###......##.#.# #.#
#############...........#.# #.#
#.........##....######..#.# #.#
......#.................#.# #.#
.#....#.####....#####...#.# #.#
.##.#.#.# ###### #...#.# #.#
.##.#.#.#############...#.# #.#
...............W@.........# #.#
$####.#.###############.#####.#
.# #.#.# #..............# .#
#.#.# #.######.#######
.####.#.# #.#.# #.# ...##.#.#
#.#.####.# .#.##.#.# #.#...[..#
##.##.#.# #.#.###### .))...#.#
#.#.#######


You could see a phantom.

Vanquished Creatures
  A slave (D:5)
  A crimson imp (D:5)
  An orc priest (D:4)
  A hound (D:4)
  2 worker ants
  4 adders
  3 worms (D:2)
  2 dart slugs
  4 leopard geckos
  8 orcs
  A ball python (D:1)
  3 bats
  4 giant cockroaches
  5 goblins
  6 hobgoblins
  3 jackals
  4 quokkas
  4 frilled lizards
  3 kobolds
  A leopard gecko skeleton (D:4)
  2 rats (D:2)
63 creatures vanquished.

Notes
Turn   | Place    | Note
-------+----------+-------------------------------------------
     0 | D:1      | Amnesiac the Mummy Wizard began the quest for the Orb.
     0 | D:1      | Reached XP level 1. HP: 13/13 MP: 5/5
    16 | D:1      | Reached skill level 1 in Conjurations
   216 | D:1      | Reached XP level 2. HP: 9/19 MP: 0/7
   287 | D:1      | Learned a level 2 spell: Repel Missiles
   291 | D:1      | Learned a level 2 spell: Blink
   570 | D:2      | Reached XP level 3. HP: 24/24 MP: 2/8
   575 | D:2      | Learned a level 3 spell: Mephitic Cloud
  1006 | D:3      | Noticed Leszczynek's ghost (amateur KoWn)
  1813 | D:2      | Reached XP level 4. HP: 30/30 MP: 5/10
  1818 | D:2      | Learned a level 3 spell: Conjure Flame
  2139 | D:4      | Found a hazy altar of Hepliaklqana.
  2180 | D:4      | Found a sparkling altar of Nemelex Xobeh.
  2180 | D:4      | Found a glowing golden altar of the Shining One.
  2533 | D:4      | You fall through a shaft!
  2533 | D:5      | Entered Level 5 of the Dungeon
  2716 | D:5      | Noticed a slave
  2716 | D:5      | Noticed a slave
  2717 | D:5      | Noticed a slave
  2769 | D:5      | Reached XP level 5. HP: 34/35 MP: 1/11
  2879 | D:5      | Noticed Eustachio
  2891 | D:5      | Noticed Duvessa
  2892 | D:5      | Noticed Dowan
  3232 | D:5      | Killed a slave
  3819 | D:4      | Found Ifaukkeb's Magic Scroll Boutique.
  3836 | D:4      | Noticed a phantom
  3966 | D:4      | Slain by a phantom

Vault maps used:
D:1:      dpeg_arrival_simpleton_a, kennysheep_crisscross, minivault_25,
          nemelex_altar_shiori
D:3:      uniq_robin
D:4:      minitemple, chequers_temple_overflow_statue_of_worship,
          nicolae_overflow_crystal_walls, serial_shops, shop_fountains,
          tgw_fedhas
D:5:      first_bread, uniq_duvessa, uniq_pikel, uniq_eustachio

Skill      XL: |  1  2  3  4 |
---------------+-------------+-----
Conjurations   | 1 2 3 4 |  4.9
Dodging        | |  1.5
Stealth        | |  1.5
Spellcasting   | |  4.0
Summonings     | |  0.7
Translocations | |  0.7

Action                   |  1- 3 |  4- 6 || total
-------------------------+-------+-------++-------
Melee: Unarmed           |    37 |       ||    37
       Trident           |       |    21 ||    21
       Quarterstaff      |       |    11 ||    11
 Fire: Hunting sling     |    16 |    32 ||    48
 Cast: Magic Dart        |   121 |    75 ||   196
       Repel Missiles    |     1 |       ||     1
       Mephitic Cloud    |       |    14 ||    14
       Conjure Flame     |       |     7 ||     7
  Use: Scroll            |       |     6 ||     6
 Stab: Confused          |       |     1 ||     1
Armor: Robe              |     7 |     8 ||    15
Dodge: Dodged            |    38 |    37 ||    75
       Deflected         |     1 |       ||     1
